 Dungeon Crawl Stone Soup version 0.27-a0-1189-gb8eb6cee8e (webtiles) character file.

Game seed: 10562389878042056822

4 Zonian the Firebug (level 1, -3/10 HPs)
             Began as a Deep Elf Fire Elementalist on May 22, 2021.
             Succumbed to a kobold's poison
             ... on level 1 of the Dungeon.
             The game lasted 00:00:52 (243 turns).

Zonian the Firebug (Deep Elf Fire Elementalist)      Turns: 243, Time: 00:00:52

Health: -3/10      AC:  2    Str:  5    XL:     1   Next: 58%
Magic:  3/6        EV: 13    Int: 19    God:
Gold:   17         SH:  0    Dex: 15    Spells: 5/6 levels left

rFire    . . .     SeeInvis .   (no weapon)
rCold    . . .     Faith    .   (no shield)
rNeg     . . .     Spirit   .   a - +0 robe
rPois    .         Reflect  .   (no helmet)
rElec    .         Harm     .   (no cloak)
rCorr    .         Rampage  .   (no gloves)
Will     .....                  (no boots)
Stlth    ++........             (no amulet)
HPRegen  0.03/turn              (no ring)
MPRegen  0.10/turn              (no ring)

@: lethally poisoned (-3 -> -23)
A: no striking features
a: no special abilities


You were on level 1 of the Dungeon.
You visited 1 branch of the dungeon, and saw 1 of its levels.

You collected 17 gold pieces.

Inventory:

Hand Weapons
 b - a +0 dagger
Armour
 a - a +0 robe (worn)


   Skills:
 + Level 2.8 Dodging
 + Level 2.4 Stealth
 + Level 3.0 Spellcasting
 + Level 1.1 Conjurations
 + Level 3.4 Fire Magic


You had 5 spell levels left.
You knew the following spells:

 Your Spells              Type           Power      Damage    Failure   Level
a - Foxfire               Conj/Fire      44%        2x1d6     6%          1

Your spell library contained the following spells:

 Spells                   Type           Power      Damage    Failure   Level
 Conjure Flame            Conj/Fire      11%        6-21      19%         3
 Inner Flame              Hex/Fire       9%         N/A       22%         3
 Sticky Flame             Conj/Fire      11%        2d3       52%         4
 Fireball                 Conj/Fire      5%         3d5       86%         5


Dungeon Overview and Level Annotations

Branches:
Dungeon (1/15)

Altars:


Message History

Unknown command.
You conjure some foxfire!
You conjure some foxfire!
The foxfire hits the ball python.
You kill the ball python!
Unknown command.
Unknown command.
The foxfire hits the goblin.
You kill the goblin!
Unknown command.
You see here a +0 dagger.
b - a +0 dagger Unknown command.
A kobold comes into view.
It is wielding a +0 short sword of venom.
A kobold is nearby!
Unknown command.
You conjure some foxfire!
Unknown command.
The kobold shouts!
You hear a shout!
The foxfire hits the kobold but does no damage.
Unknown command.
Your foxfire dissipates!
Unknown command.
You conjure some foxfire!
The kobold hits you but does no damage.
You are poisoned.
Unknown command.
Your foxfire dissipates!
You feel sick.
The foxfire hits the kobold.
The kobold is moderately wounded.
Unknown command.
Really attack while wielding nothing?
Okay, then.
You feel sick.
Unknown command.
You conjure some foxfire!
You feel sick.
The kobold hits you with a +0 short sword of venom.
Ouch! That really hurt!
* * * LOW HITPOINT WARNING * * *
You are more poisoned.
Unknown command.
You die...

#.# #........#+#####
#.####..........
#...............#
####.........##.#
#†............
####.............
#................
#.....v.........#
#...@.K..........
#..###v...##.....
...................
#............#......
#...................
#............#..#...
# .......#.#.#......
.......#.#.# .## .
##+#........ ..


You could see a kobold (ally target).

Vanquished Creatures
  A goblin (D:1)
  A hobgoblin (D:1)
  A quokka (D:1)
  A ball python (D:1)
4 creatures vanquished.

Vanquished Creatures (others)
  10 foxfires (D:1)
10 creatures vanquished.

Grand Total: 14 creatures vanquished

Notes
Turn   | Place    | Note
-------+----------+-------------------------------------------
     0 | D:1      | Zonian the Deep Elf Fire Elementalist began the quest for
                  | the Orb.
     0 | D:1      | Reached XP level 1. HP: 10/10 MP: 6/6
   243 | D:1      | Succumbed to a kobold's poison

Illustrated notes

Levels and vault maps discovered:
D:1:      evilmike_arrival_fibonacci_small, layout_basic

Action                   || total
-------------------------++-------
 Cast: Foxfire           ||     8
Armor: Robe              ||     1

Table legend: (Time is in decaauts)
 A = Elapsed time spent in this place.
 B = Non-inter-level travel time spent in this place.
 C = Inter-level travel time spent in this place.
 D = Time resting spent in this place.
 E = Time spent auto-exploring this place.
 F = Levels seen in this place.
 G = Mean time per level.
                   A        B        C        D        E       F      G
               +--------+--------+--------+--------+--------+-----+--------+
         Total |    243 |    243 |      0 |    112 |     85 |   1 |  243.0 |
       Dungeon |    243 |    243 |      0 |    112 |     85 |   1 |  243.0 |
               +--------+--------+--------+--------+--------+-----+--------+

Top non-repeatable levels by time:
     D:1: 243 daAuts
